 Dungeon Crawl Stone Soup version 0.25-a0-474-ga8a2ee3166 (webtiles) character file.

Game seed: 12057026192786577861, levelgen mode: deterministic

592 Lugonue the Firebug (level 7, -8/56 HPs)
             Began as a Hill Orc Fire Elementalist on Feb 6, 2020.
             Shot with an arrow by a centaur (10 damage)
             ... on level 5 of the Dungeon.
             The game lasted 00:09:38 (3218 turns).

Lugonue the Firebug (Hill Orc Fire Elementalist)    Turns: 3218, Time: 00:09:39

Health: -8/56      AC:  3    Str: 13      XL:     7   Next: 39%
Magic:  3/10       EV: 13    Int: 15      God:
Gold:   172        SH:  0    Dex: 17 (18) Spells: 3/10 levels left

rFire    . . .     SeeInvis .   q - +2 war axe
rCold    . . .     Gourm    .   (no shield)
rNeg     . . .     Faith    .   f - +0 leather armour
rPois    +         Spirit   .   (no helmet)
rElec    .         Reflect  .   l - scarf {cloud immunity}
rCorr    .         Harm     .   (no gloves)
MR       .....                  (no boots)
Stlth    ++........             (no amulet)
HPRegen  0.18/turn              h - +1 ring of evasion
MPRegen  0.12/turn              r - +5 ring of dexterity

@: no status effects
A: claws 1, hooves 1, agile 1, poison resistance
a: no special abilities


You were on level 5 of the Dungeon.
You were not hungry.

You visited 1 branch of the dungeon, and saw 6 of its levels.

You collected 172 gold pieces.

Inventory:

Hand Weapons
 q - a +2 war axe (weapon)
Missiles
 i - 33 poisoned darts (quivered)
Armour
 f - a +0 leather armour (worn)
 l - a scarf of cloud immunity (worn)
Jewellery
 h - a +1 ring of evasion (left claw)
 r - a +5 ring of dexterity (right claw)
Wands
 e - a wand of iceblast (1)
 j - a wand of acid (7)
Scrolls
 b - 3 scrolls of remove curse
 m - a scroll of blinking {unknown}
 p - a scroll of identify
Potions
 a - a potion of invisibility
 d - a potion of magic
Comestibles
 c - 4 rations


   Skills:
 + Level 2.5 Fighting
 * Level 4.5 Axes
 + Level 0.6 Throwing
 * Level 1.4 Armour
 + Level 2.0 Dodging
 + Level 2.0 Stealth
 + Level 2.2 Spellcasting
 + Level 2.1 Conjurations
 + Level 1.0 Hexes
 * Level 5.9 Fire Magic


You had 3 spell levels left.
You knew the following spells:

 Your Spells              Type           Power        Failure   Level  Hunger
a - Foxfire               Conj/Fire      ##..         5%          1    #......
b - Conjure Flame         Conj/Fire      ##......     16%         3    ###....
c - Inner Flame           Hex/Fire       ##......     21%         3    ###....

Your spell library contained the following spells:

 Spells                   Type           Power        Failure   Level  Hunger
 Sticky Flame             Conj/Fire      ##......     45%         4    #####..
 Fireball                 Conj/Fire      ##........   82%         5    ######.


Dungeon Overview and Level Annotations

Branches:
Dungeon (6/15)
 Temple: D:4-7

Altars:
Hepliaklqana
Okawaru
Sif Muna
Uskayaw
Yredelemnul


Innate Abilities, Weirdness & Mutations

You have sharp fingernails.
You have large cloven feet.
You are agile. (Dex +2)
Your system is resistant to poisons. (rPois)


Message History

The centaur shoots an arrow.
The arrow closely misses you.
Unknown command.
The centaur shoots an arrow.
The arrow completely misses you.
You see here an arrow.
The centaur shoots an arrow.
The arrow hits you!
You see here an arrow.
The centaur shoots an arrow.
The arrow closely misses you.
The centaur shoots an arrow.
The arrow barely misses you.
The centaur shoots an arrow.
The arrow barely misses you.
You see here 3 arrows.
The centaur shoots an arrow.
The arrow barely misses you.
You see here an arrow.
The centaur shoots an arrow.
The arrow hits you!
* * * LOW HITPOINT WARNING * * *
You see here an arrow.
The centaur shoots an arrow.
The arrow hits you!
* * * LOW HITPOINT WARNING * * *
You see here an arrow.
The centaur shoots an arrow.
The arrow hits you!
You die...

#.......# #.......#
#.......# #.......#
#.......# #.......#
#.......############
#..>..>.#..........#
#...(...#..@<......#
###(##..#..........#
#.###.#..........#
##.# #.c.#...######
#.(# ###...#.# #(##
#..##.#### #.#
#........# #######c#
###........#
...c..#(#
#..........#


You could see a centaur.

Vanquished Creatures
  A bullfrog (D:6)
  A water moccasin zombie (D:5)
  4 crimson imps (D:5)
  A quasit (D:6)
  An orc priest (D:5)
  An iguana (D:5)
  Ijyb (D:4)
  An orc wizard (D:5)
  2 worker ants (D:4)
  A hound skeleton (D:6)
  3 gnolls (D:4)
  4 adders
  2 adder zombies
  A worm (D:5)
  2 dart slugs
  3 leopard geckos (D:5)
  11 orcs
  3 bats
  A giant cockroach (D:2)
  2 goblins (D:3)
  A hobgoblin (D:3)
  6 jackals
  2 quokkas
  2 frilled lizards
  5 kobolds
  2 kobold zombies (D:5)
  A quokka zombie (D:5)
  3 rats
68 creatures vanquished.

Vanquished Creatures (others)
  123 foxfires
123 creatures vanquished.

Grand Total: 191 creatures vanquished

Notes
Turn   | Place    | Note
-------+----------+-------------------------------------------
     0 | D:1      | Lugonue the Hill Orc Fire Elementalist began the quest for
                  | the Orb.
     0 | D:1      | Reached XP level 1. HP: 14/14 MP: 3/3
    50 | D:2      | Reached XP level 2. HP: 8/20 MP: 0/4
   244 | D:2      | Reached skill level 4 in Fire Magic
   886 | D:3      | Reached XP level 3. HP: 24/26 MP: 2/5
  1352 | D:4      | Reached XP level 4. HP: 23/34 MP: 2/7
  1442 | D:4      | Reached skill level 1 in Fighting
  1459 | D:4      | Noticed Ijyb
  1502 | D:4      | Killed Ijyb
  1605 | D:4      | Found a hazy altar of Hepliaklqana.
  1615 | D:4      | Found a basalt altar of Yredelemnul.
  1618 | D:4      | Found a hide-covered altar of Uskayaw.
  1621 | D:4      | Found a shimmering blue altar of Sif Muna.
  1679 | D:4      | Found an iron altar of Okawaru.
  1730 | D:4      | Reached skill level 5 in Fire Magic
  1730 | D:4      | Reached XP level 5. HP: 40/40 MP: 3/8
  1979 | D:5      | Entered Level 5 of the Dungeon
  1999 | D:5      | Reached skill level 1 in Axes
  2150 | D:5      | Reached XP level 6. HP: 17/47 MP: 4/9
  2394 | D:5      | Learned a level 3 spell: Conjure Flame
  2635 | D:5      | Reached XP level 7. HP: 6/56 MP: 5/10
  2938 | D:6      | Gained mutation: You have sharp fingernails. [potion of
                  | mutation]
  2938 | D:6      | Gained mutation: You are agile. (Dex +2) [potion of
                  | mutation]
  2938 | D:6      | Gained mutation: Your system is resistant to poisons.
                  | (rPois) [potion of mutation]
  2938 | D:6      | Gained mutation: You have large cloven feet. [potion of
                  | mutation]
  2973 | D:6      | Reached skill level 1 in Armour
  3186 | D:5      | Learned a level 3 spell: Inner Flame
  3196 | D:5      | Reached skill level 1 in Hexes
  3210 | D:5      | HP: 1/56 [centaur/arrow (13)]
  3218 | D:5      | Shot with an arrow by a centaur

Levels and vault maps discovered:
D:1:      dpeg_arrival_pits, layout_basic, minmay_close_crescents
D:2:      layout_rooms
D:3:      layout_basic, first_ration, chequers_garden
D:4:      layout_rooms, grunt_temple_overflow_cloverleaf, kennysheep_diamond,
          minivault_4, okawaru_trees_2, uniq_ijyb
D:5:      layout_rooms, minmay_temple_entry_fiery, minmay_mini_ossuary
D:6:      layout_cave_pools, nicolae_qazlal_style_of_elements,
          ashenzari_altar_1, gammafunk_ghost_arena, basic_altar, uniq_pikel

Skill      XL: |  1  2  3  4  5  6  7 |
---------------+----------------------+-----
Fire Magic     | 4 5 |  5.9
Spellcasting   | 2 |  2.2
Fighting       | 1 2 |  2.5
Conjurations   | 2 |  2.1
Axes           | 2 4 |  4.5
Stealth        | 2 |  2.0
Dodging        | 2 |  2.0
Armour         | 1 |  1.4
Hexes          | 1 |  1.0
Throwing       | |  0.6

Action                   |  1- 3 |  4- 6 |  7- 9 || total
-------------------------+-------+-------+-------++-------
Melee: Unarmed           |    24 |     4 |       ||    28
       War axe           |       |    75 |    20 ||    95
       Kick              |       |       |     3 ||     3
Throw: Dart              |     4 |    19 |     4 ||    27
 Cast: Foxfire           |    31 |    27 |    12 ||    70
       Conjure Flame     |       |     4 |     1 ||     5
       Inner Flame       |       |       |     3 ||     3
Evoke: Wand              |       |     2 |     2 ||     4
  Use: Scroll            |       |     8 |     1 ||     9
       Potion            |       |     4 |     1 ||     5
 Stab: Sleeping          |     1 |       |       ||     1
       Invisible         |       |     9 |       ||     9
  Eat: Chunk             |     1 |     3 |     1 ||     5
       Ration            |       |     1 |     1 ||     2
Armor: Robe              |     5 |     8 |       ||    13
       Skin              |       |     2 |       ||     2
       Leather armour    |       |    10 |    15 ||    25
Dodge: Dodged            |    26 |   103 |    40 ||   169

Table legend:
 A = Non-vault XP
 B = Vault XP
 C = Vault XP percentage of total XP
 D = Non-vault monster count
 E = Vault monster count
 F = Vault count percentage of total count
                 A         B        C        D         E       F
            +---------+---------+-------+---------+---------+-------
      Total |     771 |      75 |   8.9 |      63 |       5 |   7.4
            +---------+---------+-------+---------+---------+-------
        D:1 |       1 |       0 |   0.0 |       1 |       0 |   0.0
        D:2 |      21 |       0 |   0.0 |       6 |       0 |   0.0
        D:3 |      23 |       0 |   0.0 |      13 |       0 |   0.0
        D:4 |     107 |      73 |  40.6 |      11 |       3 |  21.4
        D:5 |     440 |       2 |   0.5 |      23 |       2 |   8.0
        D:6 |     179 |       0 |   0.0 |       9 |       0 |   0.0
            +---------+---------+-------+---------+---------+-------
